 Dungeon Crawl Stone Soup version 0.30-a0-956-gcec3b41aec (webtiles) character file.

Game seed: 13205751630244786635

37 lesbiats the Trooper (level 3, 0/40 HPs)
             Began as an Ogre Fighter on Mar 30, 2023.
             Slain by Robin
             ... wielding a +0 whip
              (5 damage)
             ... on level 2 of the Dungeon.
             The game lasted 00:01:51 (764 turns).

lesbiats the Trooper (Ogre Fighter)                  Turns: 764, Time: 00:01:51

Health: 0/40       AC:  4    Str: 22    XL:     3   Next: 41%
Magic:  3/3        EV:  8    Int:  9    God:
Gold:   42         SH:  7    Dex:  8    Spells: 2/2 levels left

rFire   . . .      SeeInvis .    a - +0 flail
rCold   . . .      Faith    .    c - +0 kite shield
rNeg    . . .      Spirit   .    b - +0 robe
rPois   .          Reflect  .    (helmet restricted)
rElec   .          Rampage  .    e - +0 cloak
rCorr   .                        (gloves unavailable)
Will    .....                    (boots unavailable)
Stlth   +                        (no amulet)
HPRegen 0.26/turn                (no ring)
MPRegen 0.08/turn                (no ring)

@: mighty
A: large, unfitting armour, tough skin 1
a: no special abilities


You were on level 2 of the Dungeon.
You visited 1 branch of the dungeon, and saw 2 of its levels.

You collected 42 gold pieces.

Inventory:

Hand Weapons
 a - a +0 flail (weapon)
Armour
 b - a +0 robe (worn)
 c - a +0 kite shield (worn)
 e - a +0 cloak (worn)
Potions
 f - a potion of haste {unknown}
 g - a potion of brilliance {unknown}


   Skills:
 + Level 4.5 Fighting
 * Level 2.6 Maces & Flails
 + Level 3.0 Dodging
 - Level 3.0 Shields


You had 2 spell levels left.
You didn't know any spells.
Your spell library was empty.

Dungeon Overview and Level Annotations

Branches:
Dungeon (2/15)

Altars:

Annotations:
D:2 Robin


Innate Abilities, Weirdness & Mutations

You are too large for most types of armour.
You have tough skin. (AC +1)


Message History

You kill the goblin!
The hobgoblin no longer looks unusually strong. x2
You miss the goblin.
The goblin no longer looks unusually strong.
You block the goblin's attack. The goblin hits you with a +0 club.
You barely miss the goblin.
The goblin no longer looks unusually strong.
You block the goblin's attack.
You thump the goblin!
You kill the goblin!
Robin roars a battlecry!
The goblins go into a battle-frenzy!
The goblin hits you with a +0 club.
You bludgeon the goblin!!
You kill the goblin!
You barely miss the goblin.
The goblin no longer looks unusually strong.
Robin throws the goblin at you! The goblin hits you with a +0 club.
The goblin closely misses you. The goblin hits you with a +0 dagger.
The goblin hits you but does no damage.
You barely miss the goblin.
Robin roars a battlecry!
The goblin goes into a battle-frenzy!
The goblin hits you with a +0 dagger. You block the goblin's attack.
You sock the goblin!
You kill the goblin!
Robin throws the goblin at you! The goblin hits you with a +0 club.
You closely miss the goblin. The goblin hits you with a +0 club.
* * * LOW HITPOINT WARNING * * *
The goblin hits you with a +0 club.
* * * LOW HITPOINT WARNING * * *
Robin says, "Feeling lonely?"
Robin barely misses you.
You closely miss Robin. Robin hits you with a +0 whip.
* * * LOW HITPOINT WARNING * * *
You block the goblin's attack.
You sock Robin!
Robin is severely wounded.
Robin hits you with a +0 whip.
You die...

.... ## ... #. ... #..
#.# ##..##.#
.....#.#############.#
#.#........g@ggg..)..
#..........#####.##.#
##.##.####.# #.##.#
#.# #.##.# #.#
######.##.####.##
................#
.....#.###.###..#
.###.#.# #.# #..


You could see Robin, 2 hobgoblins and a goblin (strong).

Vanquished Creatures
  A dart slug (D:1)
  4 ball pythons (D:1)
  3 bats (D:1)
  A giant cockroach (D:1)
  4 hobgoblins (D:1)
  3 jackals (D:1)
  3 kobolds
  A quokka (D:1)
  A frilled lizard (D:1)
  7 goblins
  2 rats (D:1)
30 creatures vanquished.

Notes
Turn   | Place    | Note
-------+----------+-------------------------------------------
     0 | D:1      | lesbiats the Ogre Fighter began the quest for the Orb.
     0 | D:1      | Reached XP level 1. HP: 24/24 MP: 1/1
   101 | D:1      | Reached XP level 2. HP: 32/32 MP: 2/2
   477 | D:1      | Reached XP level 3. HP: 35/40 MP: 3/3
   741 | D:2      | Noticed Robin
   764 | D:2      | Slain by Robin

Illustrated notes

Levels and vault maps discovered:
D:1:      dpeg_arrival_long_road, layout_basic, chequers_serial_rivers_small_b
D:2:      layout_loops_ring, basic_ecumenical_altar, kennysheep_boxes,
          uniq_robin

Skill      XL: |  1  2 |
---------------+-------+-----
Maces & Flails | 2 |  2.6
Dodging        | 3 |  3.0
Fighting       | |  4.5
Shields        | |  3.0

Action                     || total
---------------------------++-------
  Melee: Flail             ||   100
    Use: Potion            ||     1
 Armour: Robe              ||    35
  Dodge: Dodged            ||    39
  Block: Kite shield       ||    39

Table legend: (Time is in decaauts)
 A = Elapsed time spent in this place.
 B = Non-inter-level travel time spent in this place.
 C = Inter-level travel time spent in this place.
 D = Time resting spent in this place.
 E = Time spent auto-exploring this place.
 F = Levels seen in this place.
 G = Mean time per level.
                   A        B        C        D        E       F      G
               +--------+--------+--------+--------+--------+-----+--------+
         Total |    804 |    788 |     16 |     37 |    498 |   2 |  402.0 |
       Dungeon |    804 |    788 |     16 |     37 |    498 |   2 |  402.0 |
               +--------+--------+--------+--------+--------+-----+--------+

Top non-repeatable levels by time:
     D:1: 688 daAuts
     D:2: 116 daAuts
